 Dungeon Crawl Stone Soup version 0.21.1-1-g345015fe64 (webtiles) character file.

33 Gargoyl the Skirmisher (level 3, 0/31 HPs)
             Began as a Centaur Abyssal Knight on Apr 5, 2018.
             Was a Follower of Lugonu.
             Slain by an adder (2 damage)
             ... on level 2 of the Dungeon.
             The game lasted 00:02:12 (1156 turns).

Gargoyl the Skirmisher (Centaur Abyssal Knight)     Turns: 1156, Time: 00:02:12

Health: 0/31       AC:  6    Str: 14    XL:     3   Next: 12%
Magic:  4/4        EV:  8    Int: 11    God:    Lugonu [*.....]
Gold:   69         SH:  3    Dex:  9    Spells: 2/2 levels left

rFire    . . .     SeeInvis .   a - +1 hand axe
rCold    . . .     Gourm    .   (no shield)
rNeg     . . .     Faith    .   f - +0 ring mail
rPois    .         Spirit   .   (no helmet)
rElec    .         Reflect  +   (no cloak)
rCorr    .         Harm     .   b - +0 pair of gloves (curse)
MR       .....                  (no barding)
Stlth    ..........             d - +3 amulet of reflection
HPRegen  0.10/turn              (no ring)
MPRegen  0.09/turn              (no ring)

@: very quick
A: large, hooves 3, deformed body, speed 2, tough skin 3
a: Depart the Abyss, Renounce Religion


You were on level 2 of the Dungeon.
You worshipped Lugonu.
Lugonu was aware of your devotion.
You were not hungry.

You visited 1 branch of the dungeon, and saw 2 of its levels.
You visited the Abyss 1 time.

You collected 69 gold pieces.

Inventory:

Hand Weapons
 a - a +1 hand axe (weapon)
Armour
 b - a cursed +0 pair of gloves (worn)
 e - a +1 pair of gloves
 f - a +0 ring mail (worn)
 k - a +0 scale mail
Jewellery
 d - a +3 amulet of reflection (around neck)
 h - a cursed amulet of inaccuracy {unknown}
Potions
 g - a potion of berserk rage {unknown}
 j - a potion of cancellation {unknown}
Comestibles
 c - 6 rations
 i - a chunk of flesh


   Skills:
 + Level 3.5 Fighting
 + Level 2.2 Axes
 * Level 1.7 Armour
 + Level 0.8 Dodging
 * Level 2.1 Invocations


You had 2 spell levels left.
You didn't know any spells.

Dungeon Overview and Level Annotations

Branches:
Dungeon (2/15)

Altars:


Innate Abilities, Weirdness & Mutations

You have hooves in place of feet.
Armour fits poorly on your strangely shaped body.
You cover ground very quickly.
You have extremely tough skin. (AC +3)


Message History

An adder comes into view.
Unknown command.
You hit the worm.
The worm is severely wounded.
You closely miss the goblin. You block the goblin's attack. The worm bites you!
You hit the worm but do no damage.
The worm is heavily wounded.
You hit the kobold. You closely miss the goblin. The goblin hits you.
The kobold hits you with a club. The worm bites you!
* * * LOW HITPOINT WARNING * * *
The goblin completely misses you.
You barely miss the worm.
The worm is heavily wounded.
You hit the kobold.
You kill the kobold!
Lugonu accepts your kill.
You barely miss the goblin. The goblin hits you.
* * * LOW HITPOINT WARNING * * *
The adder bites you.
You die...

#.# #.
###########.# ##
#.......†...#
#<........###
######.........#
#.....(#######.#
#.....)#######.#
#....g†......#.#
#....S@......#..
#.....w......###
..............#
.?............#
.(.............
..####.....$...
## ###.......
####.#.


You could see a worm, an adder and a goblin.

Vanquished Creatures
  An adder (D:2)
  A leopard gecko (D:1)
  3 ball pythons
  2 bats (D:1)
  2 giant cockroaches (D:1)
  4 goblins
  2 hobgoblins (D:2)
  3 kobolds
  3 rats
21 creatures vanquished.

Notes
Turn   | Place    | Note
-------+----------+-------------------------------------------
     0 | Abyss:1  | Gargoyl the Centaur Abyssal Knight began the quest for the Orb.
     0 | Abyss:1  | Reached XP level 1. HP: 19/19 MP: 2/2
    41 | Abyss:1  | Noticed a starcursed mass
    50 | Abyss:1  | Noticed a chaos spawn
    68 | Abyss:1  | Noticed a storm dragon zombie
    71 | Abyss:1  | Noticed a large abomination
    74 | D:1      | Escaped the Abyss
   400 | D:1      | Reached XP level 2. HP: 22/26 MP: 3/3
  1109 | D:2      | Reached * piety under Lugonu
  1109 | D:2      | Reached XP level 3. HP: 31/31 MP: 4/4
  1156 | D:2      | Slain by an adder

Skill      XL: |  1 |
---------------+----+-----
Axes           | 2 |  2.2
Fighting       | |  3.5
Armour         | |  1.7
Dodging        | |  0.8
Invocations    | |  2.1

Action                   || total
-------------------------++-------
Melee: Hand axe          ||    47
       Kick              ||    10
Invok: Depart the Abyss  ||     1
  Use: Scroll            ||     3
Armor: Leather armour    ||    12
       Ring mail         ||     8
Dodge: Dodged            ||    20
Block: Other             ||     5
